 Dungeon Crawl Stone Soup version 0.29.1-15-g9cfb28693d (webtiles) character file.

Game seed: 117879828260079773

49 booth the Magician (level 3, 0/36 HPs)
             Began as a Demonspawn Hedge Wizard on Feb 21, 2023.
             Slain by a hobgoblin (4 damage)
             ... led by Robin
             ... on level 2 of the Dungeon.
             The game lasted 00:16:41 (2236 turns).

booth the Magician (Demonspawn Hedge Wizard)        Turns: 2236, Time: 00:16:41

Health: 0/36       AC: 21    Str:  8 (10) XL:     3   Next: 51%
Magic:  0/8        EV:  2    Int: 16 (17) God:
Gold:   40         SH:  0    Dex: 11 (12) Spells: 3/9 levels left

rFire   . . .      SeeInvis .   a - +0 dagger
rCold   . . .      Faith    .   (no shield)
rNeg    . . .      Spirit   .   (body armour currently unavailable)
rPois   +          Reflect  .   (helmet currently unavailable)
rElec   .          Harm     .   (cloak currently unavailable)
rCorr   .          Rampage  .   (gloves currently unavailable)
Will    .....      NoTele   +   (boots currently unavailable)
Stlth   ++........              (no amulet)
HPRegen 0.12/turn               (no ring)
MPRegen 0.11/turn               (no ring)

@: tree-form
A: stationary, stasis, torment immunity, boosted hp, (molten scales 1)
a: no special abilities


You were on level 2 of the Dungeon.
You were a tree.
You visited 1 branch of the dungeon, and saw 4 of its levels.

You collected 40 gold pieces.

Inventory:

Hand Weapons
 a - a +0 dagger (weapon)
Armour
 b - a +1 robe (melded)
 c - a +0 hat (melded)
 k - a +2 buckler
Potions
 e - a potion of resistance


   Skills:
 + Level 0.2 Short Blades
 + Level 2.2 Dodging
 + Level 2.2 Stealth
 + Level 3.5 Spellcasting
 * Level 1.6 Conjurations
 + Level 1.0 Summonings
 + Level 0.8 Translocations


You had 3 spell levels left.
You knew the following spells:

 Your Spells              Type           Power      Damage    Failure   Level
a - Magic Dart            Conj           32%        1d4       9%          1
b - Slow                  Hex            8%         N/A       19%         1
c - Searing Ray           Conj           16%        2d5       14%         2
d - Call Imp              Summ           6%         N/A       19%         2

Your spell library contained the following spells:

 Spells                   Type           Power      Damage    Failure   Level
 Blink                    Tloc           10%        N/A       19%         2
 Conjure Flame            Conj/Fire      5%         6-21      36%         3
 Mephitic Cloud           Conj/Pois/Air  4%         N/A       38%         3
 Fulminant Prism          Conj/Hex       2%         3d6       77%         4


Dungeon Overview and Level Annotations

Branches:
Dungeon (4/15)
 Temple: D:4-7

Altars:


Innate Abilities, Weirdness & Mutations

You are a tree.
Your roots penetrate the ground, keeping you stationary.
You cannot be teleported.
You are immune to unholy pain and torment.
Your maximum health is greatly increased.
Your equipment is partially melded.
((You are partially covered in molten scales. (AC +2)))


Message History

The goblin hits you but does no damage.
You closely miss the hobgoblin.
The hobgoblin is almost dead.
The hobgoblin barely misses you. The goblin completely misses you.
The hobgoblin hits you but does no damage.
The goblin hits you but does no damage.
You hit the hobgoblin.
You kill the hobgoblin!
The goblin hits you but does no damage. The goblin hits you with a +0 dagger.
* * * LOW HITPOINT WARNING * * *
The hobgoblin hits you but does no damage.
You cannot move.
You cannot move.
You cannot move.
You barely miss the goblin. The goblin hits you but does no damage.
The goblin completely misses you.
The hobgoblin hits you but does no damage.
You closely miss the goblin.
The goblin hits you but does no damage. x2
The hobgoblin hits you but does no damage.
Casting: Magic Dart (safe; 9% risk of failure)
Confirm with . or Enter, or press ? or * to list all spells.
Aiming: Magic Dart (safe; 9% risk of failure)
Press: ? - help, Shift-Dir - straight line, f - hobgoblin
Aim: a hobgoblin (100% to hit)
The magic dart hits the hobgoblin.
The hobgoblin is moderately wounded.
The goblin hits you but does no damage. The goblin hits you with a +0 dagger.
* * * LOW HITPOINT WARNING * * *
The hobgoblin hits you but does no damage.
You barely miss the goblin. The goblin hits you but does no damage.
A goblin comes into view. It is wielding a +0 dagger.
The goblin hits you but does no damage.
The hobgoblin hits you but does no damage.
You barely miss the goblin.
The goblin hits you but does no damage. x2
The hobgoblin hits you but does no damage.
The goblin shouts!
You hit the goblin.
The goblin is severely wounded.
The goblin hits you but does no damage. x2; The hobgoblin hits you.
You die...

....# #.... ... .... #...# #..
... #...# # ... #...# .. #.#
#...# ##.##
#.########...#####....
#.#.................#.
#.....ggg.............
###§#.g..♣(...........#..#
#§§§########...#####.###.# #§###
#...# #.###.# #§# #...# ......
#§# #...# #.... #§# #...#
#####.... . #.#
#####...###........ #)######g#
#............##....
#g...).gg######.##.#..##...##....


You could see a hobgoblin and 3 goblins.

Vanquished Creatures
  Robin (D:2)
  2 dart slugs (D:1)
  An endoplasm (D:1)
  5 goblins
  6 hobgoblins
  3 jackals (D:1)
  2 quokkas
  3 ball pythons
  4 bats
  A frilled lizard (D:1)
  4 rats
32 creatures vanquished.

Notes
Turn   | Place    | Note
-------+----------+-------------------------------------------
     0 | D:1      | booth the Demonspawn Hedge Wizard began the quest for the
                  | Orb.
     0 | D:1      | Reached XP level 1. HP: 13/13 MP: 4/4
     2 | D:1      | Learned a level 1 spell: Slow
   262 | D:1      | Found a faded altar of an unknown god.
   795 | D:1      | Gained mutation: You are partially covered in molten
                  | scales. (AC +2) [demonic ancestry]
   795 | D:1      | Reached XP level 2. HP: 19/19 MP: 4/6
   798 | D:1      | Learned a level 2 spell: Searing Ray
  1488 | D:2      | Learned a level 2 spell: Call Imp
  1712 | D:2      | You fall into a shaft and drop 2 floors!
  1841 | D:3      | Reached XP level 3. HP: 24/24 MP: 5/8
  2160 | D:2      | Noticed Robin
  2184 | D:2      | Killed Robin
  2236 | D:2      | Slain by a hobgoblin

Illustrated notes

Levels and vault maps discovered:
D:1:      saegor_arrival_simple_c, layout_basic, serial_corexii_hall,
          corexii_hall_statues_i, corexii_hall_statues_i, basic_ecumenical_altar
D:2:      layout_loops_cross, uniq_robin, uniq_jessica
D:3:      layout_basic, mainiacjoe_overflow_24_doors
D:4:      layout_loops_cross

Skill      XL: |  1  2 |
---------------+-------+-----
Stealth        | 2 |  2.2
Dodging        | 2 |  2.2
Short Blades   | |  0.2
Spellcasting   | |  3.5
Conjurations   | |  1.6
Summonings     | |  1.0
Translocations | |  0.8

Action                   || total
-------------------------++-------
Melee: Dagger            ||    95
       Punch             ||     1
 Cast: Magic Dart        ||    58
  Use: Scroll            ||     6
       Potion            ||     7
Armor: Robe              ||    30
       Skin              ||    81
Dodge: Dodged            ||    74
